 Dungeon Crawl Stone Soup version 0.24-a0-521-g122614bf49 (webtiles) character file.

Game seed: 4391916620901584678

70 Peloso the Covered (level 4, -2/40 HPs)
             Began as a Minotaur Fighter on July 29, 2019.
             Blown up by Ijyb (8 damage)
             ... with a disintegration bolt
             ... on level 3 of the Dungeon.
             The game lasted 00:04:02 (2043 turns).

Peloso the Covered (Minotaur Fighter)               Turns: 2043, Time: 00:04:02

Health: -2/40      AC: 13    Str: 21    XL:     4   Next: 4%
Magic:  3/3        EV:  4    Int:  5    God:
Gold:   65         SH:  9    Dex: 10    Spells: 3/3 levels left

rFire    . . .     SeeInvis .   a - +0 long sword
rCold    . . .     Gourm    .   c - +0 shield
rNeg     + . .     Faith    .   j - +0 plate armour
rPois    .         Spirit   .   (helmet restricted)
rElec    .         Reflect  .   (no cloak)
rCorr    .         Harm     .   n - +0 pair of gloves
MR       .....                  (no boots)
Stlth    ..........             u - amulet of the acrobat (curse)
HPRegen  0.13/turn              v - ring of positive energy
MPRegen  0.08/turn              q - -2 ring of slaying (curse)

@: no status effects
A: retaliatory headbutt, horns 2
a: no special abilities


You were on level 3 of the Dungeon.
You were hungry.

You visited 1 branch of the dungeon, and saw 3 of its levels.

You collected 65 gold pieces.

Inventory:

Hand Weapons
 a - a +0 long sword (weapon)
Armour
 b - a +0 scale mail
 c - a +0 shield (worn)
 j - a +0 plate armour (worn)
 n - a +0 pair of gloves (worn)
Jewellery
 l - an uncursed ring of poison resistance
 q - a cursed -2 ring of slaying (right hand)
 u - a cursed amulet of the acrobat (around neck)
 v - a ring of positive energy (left hand)
Scrolls
 e - a scroll of teleportation {unknown}
 g - 2 scrolls of fear {unknown}
 h - a scroll of random uselessness {unknown}
 i - a scroll of blinking {unknown}
 k - a scroll of identify {unknown}
 m - a scroll of enchant armour {unknown}
 s - a scroll of noise {unknown}
 t - a scroll of remove curse {unknown}
Potions
 d - a potion of might
 o - a potion of invisibility {unknown}
 p - a potion of haste {unknown}
 r - a potion of brilliance {unknown}
Comestibles
 f - 6 rations


   Skills:
 + Level 4.2 Fighting
 + Level 3.4 Long Blades
 + Level 4.4 Armour
 + Level 0.1 Dodging
 + Level 4.2 Shields


You had 3 spell levels left.
You didn't know any spells.
Your spell library was empty.

Dungeon Overview and Level Annotations

Branches:
Dungeon (3/15)

Altars:

Annotations:
D:3 Ijyb


Innate Abilities, Weirdness & Mutations

You reflexively headbutt those who attack you in melee.
You have a pair of horns on your head.


Message History

Ijyb screams, "I cut your head off!" Ijyb hits you with a +0 club.
You closely miss Ijyb. Your headbutt misses Ijyb.
Ijyb is heavily wounded.
Ijyb zaps a wand.
You are blasted!
Ouch! That really hurt!
* * * LOW HITPOINT WARNING * * *
Your plate armour prevents you from hitting Ijyb.
Ijyb is heavily wounded.
Ijyb hits you but does no damage.
You hit Ijyb.
Ijyb is severely wounded.
You block Ijyb's attack.
You hit Ijyb. Your headbutt misses Ijyb.
Ijyb is almost dead.
You block Ijyb's attack. Ijyb hits you but does no damage.
Your plate armour prevents you from hitting Ijyb.
Ijyb is almost dead.
Ijyb zaps a wand.
You are blasted!
You die...

#.# #.# #.# . #.#
.. #.# ### ...
####.######.# .g..
+....g......#
.....####.######g#
........#.....#@.#
#.#####.#..# #.#
#.#..# .##.###.#
#.#..#
........#####.#..#
........g.....#..#
....###########..#
... .... #.


You could see Ijyb.

Vanquished Creatures
  An adder (D:2)
  An ooze (D:1)
  A dart slug (D:2)
  3 orcs (D:2)
  4 bats
  4 giant cockroaches
  8 goblins
  11 hobgoblins
  6 kobolds
  A frilled lizard (D:2)
  6 rats
46 creatures vanquished.

Notes
Turn   | Place    | Note
-------+----------+-------------------------------------------
     0 | D:1      | Peloso the Minotaur Fighter began the quest for the Orb.
     0 | D:1      | Reached XP level 1. HP: 19/19 MP: 0/0
   134 | D:1      | Reached XP level 2. HP: 19/27 MP: 1/1
   662 | D:1      | Reached XP level 3. HP: 33/33 MP: 2/2
  1700 | D:2      | Reached XP level 4. HP: 33/40 MP: 3/3
  1888 | D:3      | Noticed Ijyb
  2043 | D:3      | Blown up by Ijyb

Levels and vault maps discovered:
D:1:      dpeg_arrival_pond, layout_basic, minivault_24
D:2:      layout_basic, minmay_strange_pillars, guppyfry_early_orc_mine
D:3:      cheibrodos_helix_gallery, layout_basic, first_ration, xom_redecorated,
          uniq_robin, uniq_ijyb

Skill      XL: |  1  2  3 |
---------------+----------+-----
Shields        | 4 |  4.2
Fighting       | 4 |  4.2
Armour         | 4 |  4.4
Long Blades    | 3 |  3.4
Dodging        | |  0.1

Action                   |  1- 3 |  4- 6 || total
-------------------------+-------+-------++-------
Melee: Long sword        |   120 |    10 ||   130
       Headbutt          |    16 |       ||    16
  Eat: Chunk             |     2 |     1 ||     3
Armor: Scale mail        |    17 |       ||    17
       Plate armour      |    35 |     3 ||    38
Dodge: Dodged            |    34 |     3 ||    37
Block: Shield            |    52 |     3 ||    55
       Rpst.: Long sword |    11 |       ||    11

Table legend:
 A = Non-vault XP
 B = Vault XP
 C = Vault XP percentage of total XP
 D = Non-vault monster count
 E = Vault monster count
 F = Vault count percentage of total count
                 A         B        C        D         E       F
            +---------+---------+-------+---------+---------+-------
      Total |      84 |      17 |  16.8 |      39 |       7 |  15.2
            +---------+---------+-------+---------+---------+-------
        D:1 |      41 |       0 |   0.0 |      21 |       0 |   0.0
        D:2 |      43 |      17 |  28.3 |      18 |       7 |  28.0
            +---------+---------+-------+---------+---------+-------
